 Dungeon Crawl Stone Soup version 0.25-a0-413-g3b4b6a4ccc (webtiles) character file.

Game seed: 9344086338006980394, levelgen mode: deterministic

133842 Borgoz the Warrior (level 17, -5/113 HPs)
             Began as a Gargoyle Gladiator on Jan 14, 2020.
             Was the Champion of Okawaru.
             Killed from afar by a ynoxinul (16 damage)
             ... with an iron shot
             ... summoned by Frances
             ... on level 2 of the Swamp on Jan 15, 2020.
             The game lasted 01:15:22 (32670 turns).

Borgoz the Warrior (Gargoyle Gladiator)            Turns: 32670, Time: 01:15:23

Health: -5/113     AC: 31    Str: 27    XL:     17   Next: 15%
Magic:  0/25       EV: 17    Int: 10    God:    Okawaru [******]
Gold:   3998       SH:  0    Dex: 17    Spells: 16/16 levels left

rFire    + + .     SeeInvis .   a - +3 great mace (venom)
rCold    + . .     Gourm    .   (shield currently unavailable)
rNeg     + + .     Faith    .   x - +1 chain mail "Peinoc Tuel" {rPois rF+ Regen+}
rPois    ∞         Spirit   +   k - +1 hat of the Lost Path {rElec rPois Regen+}
rElec    +         Reflect  .   p - scarf {Spirit}
rCorr    +         Harm     .   o - +0 pair of gloves
MR       ++++.     Clarity  +   m - +0 pair of boots
Stlth    ..........             c - amulet of the Four Winds {rN+ MR+++ Clar}
HPRegen  1.08/turn              J - ring "Ythucyh" {rPois rF+ rC+ Stlth-}
MPRegen  0.19/turn              e - ring "Sutser" {*Slow rPois rCorr Str+4 Dex+5}

@: flying
A: big wings, blurry vision 1, negative energy resistance 1, electricity
resistance, unbreathing, petrification resistance, rot immunity, AC +12
a: Stop Flying, Heroism, Finesse, Renounce Religion


You were on level 2 of the Swamp.
You worshipped Okawaru.
Okawaru was exalted by your worship.
You were hungry.

You visited 5 branches of the dungeon, and saw 27 of its levels.
You also visited: Ossuary, Gauntlet and Ice Cave.

You collected 4084 gold pieces.
You spent 86 gold pieces at shops.

Inventory:

Hand Weapons
 a - a +3 great mace of venom (weapon)
 b - a +2 antimagic great mace
 l - a +3 demon whip of flaming
Missiles
 t - a throwing net (quivered)
Armour
 k - the +1 hat of the Lost Path (worn) {rElec rPois Regen+}
   (You found it in a Gauntlet)

   It insulates you from electricity.
   It protects you from poison.
   It increases your rate of regeneration.
 m - a +0 pair of boots (worn)
 o - a +0 pair of gloves (worn)
 p - a scarf of spirit shield (worn)
 x - the +1 chain mail "Peinoc Tuel" (worn) {rPois rF+ Regen+}
   (You found it on level 6 of the Lair of Beasts)

   It protects you from fire.
   It protects you from poison.
   It increases your rate of regeneration.
 I - a scarf of resistance
Jewellery
 c - the amulet of the Four Winds (around neck) {rN+ MR+++ Clar}
   (You took it off a minotaur in a Gauntlet)

   [amulet of nothing]

   It protects you from negative energy.
   It affects your resistance to hostile enchantments.
   It protects you against confusion.
 e - the ring "Sutser" (right hand) {*Slow rPois rCorr Str+4 Dex+5}
   (You acquired it on level 1 of the Lair of Beasts)

   [ring of resist corrosion]

   It affects your strength (+4).
   It affects your dexterity (+5).
   It protects you from poison.
   It provides partial protection from all sources of acid and corrosion.
   It may slow you when you take damage.
 v - an uncursed ring of see invisible
 J - the ring "Ythucyh" (left hand) {rPois rF+ rC+ Stlth-}
   (You took it off a gnoll sergeant on level 11 of the Dungeon)

   [ring of attention]

   It protects you from fire.
   It protects you from cold.
   It protects you from poison.
   It makes you less stealthy.
 K - an uncursed ring of protection from cold
Wands
 g - a wand of iceblast (8)
 B - a wand of disintegration (14)
 L - a wand of acid (8)
Scrolls
 d - 2 scrolls of blinking
 h - a scroll of enchant armour
 i - 11 scrolls of remove curse
 n - 2 scrolls of summoning
 q - 6 scrolls of teleportation
 A - 4 scrolls of identify
 C - 3 scrolls of fog
 R - a scroll of fear
Potions
 j - 4 potions of haste
 s - 11 potions of curing
 u - a potion of heal wounds
 z - 2 potions of resistance
Comestibles
 f - 38 rations
 r - 6 chunks of flesh


   Skills:
 + Level 15.3 Fighting
 + Level 14.4 Maces & Flails
 - Level 1.7 Throwing
 + Level 15.2 Armour
 + Level 12.4 Dodging
 - Level 11.1 Invocations
 + Level 1.8 Evocations


You had 16 spell levels left.
You didn't know any spells.
Your spell library contained the following spells:

 Spells                   Type           Power        Failure   Level  Hunger
 Animate Skeleton         Necr           N/A          80%         1    ##.....
 Infusion                 Chrm           #...         80%         1    ##.....
 Magic Dart               Conj           #...         80%         1    ##.....
 Pain                     Necr           #...         80%         1    ##.....
 Summon Small Mammal      Summ           #...         80%         1    ##.....
 Call Imp                 Summ           #.......     90%         2    ###....
 Corpse Rot               Necr/Air       N/A          90%         2    ###....
 Ensorcelled Hibernation  Hex/Ice        #.....       90%         2    ###....
 Searing Ray              Conj           #.....       90%         2    ###....
 Shroud of Golubria       Chrm/Tloc      #.....       90%         2    ###....
 Song of Slaying          Chrm           #.......     90%         2    ###....
 Call Canine Familiar     Summ           #.......     99%         3    ####...
 Dazzling Flash           Conj/Hex       #.....       99%         3    ####...
 Gell's Gravitas          Tloc           #.........   99%         3    ####...
 Ignite Poison            Fire/Tmut/Pois #.......     99%         3    ####...
 Lesser Beckoning         Tloc           #.........   99%         3    ####...
 Mephitic Cloud           Conj/Pois/Air  #.......     99%         3    ####...
 Ozocubu's Armour         Chrm/Ice       #.......     99%         3    ####...
 Recall                   Summ/Tloc      N/A          99%         3    ####...
 Spectral Weapon          Hex/Chrm       #.......     99%         3    ####...
 Summon Guardian Golem    Hex/Summ       #.......     99%         3    ####...
 Vampiric Draining        Necr           #.........   99%         3    ####...
 Animate Dead             Necr           N/A          100%        4    #####..
 Cause Fear               Hex            #.........   100%        4    #####..
 Dispel Undead            Necr           #.......     100%        4    #####..
 Fulminant Prism          Conj/Hex       #.........   100%        4    #####..
 Iskenderun's Mystic Bla  Conj/Tloc      #.......     100%        4    #####..
 Summon Ice Beast         Ice/Summ       #.......     100%        4    #####..
 Summon Lightning Spire   Summ/Air       #.......     100%        4    #####..
 Agony                    Necr           #.......     100%        5    ######.
 Excruciating Wounds      Chrm/Necr      #.........   100%        5    ######.
 Fireball                 Conj/Fire      #.........   100%        5    ######.
 Silence                  Hex/Air        #.........   100%        5    ######.
 Yara's Violent Unravell  Hex/Tmut       #.........   100%        5    ######.
 Deflect Missiles         Chrm/Air       #.........   100%        6    #######
 Invisibility             Hex            #.......     100%        6    #######
 Starburst                Conj/Fire      #.........   100%        6    #######
 Ring of Flames           Chrm/Fire      #.........   100%        7    #######
 Discord                  Hex            #.........   100%        8    #######
 Ignition                 Fire           #.........   100%        8    #######
 Sublimation of Blood     Necr           Unusable     N/A         2    N/A

Dungeon Overview and Level Annotations

Branches:
Dungeon (15/15)            Temple (1/1) D:6            Lair (6/6) D:8
  Swamp (3/4) Lair:4        Snake (0/4) Lair:2        Slime (0/5) Lair:6
    Orc (2/2) D:9             Elf (0/3) Orc:2        Vaults (0/5) D:13
 Depths (0/5) D:15        Ossuary (visited)           IceCv (visited)
Gauntlet (visited)

Altars:
Ashenzari
Cheibriados
Dithmenos
Elyvilon
Fedhas
Gozag
Hepliaklqana
Kikubaaqudgha
Makhleb
Nemelex Xobeh
Okawaru
Qazlal
Ru
Sif Muna
Trog
Uskayaw
Vehumet
Wu Jian
Xom
Yredelemnul
Zin
The Shining One
Lugonu

Shops:
D:4 *%[?   Orc:2 **}

Annotations:
Swamp:2 2 transporters, Frances


Innate Abilities, Weirdness & Mutations

You are resistant to torment.
Your stone body is resilient. (AC +12)
You are immune to poison.
Your large and strong wings let you fly indefinitely.
You resist negative energy. (rN+)
You are resistant to electric shocks. (rElec)
You can survive without breathing.
You are immune to petrification.
You are immune to rotting.
Scrolls take you a little longer to read.


Message History

You bludgeon the bog body!!
You destroy the bog body!
Okawaru accepts your kill.
Frances is engulfed in spectral mist.
Frances barely misses you. The orange demon closely misses you.
The ynoxinul completely misses you.
You bludgeon Frances!!
Frances looks as sick as possible!
Frances is heavily wounded.
Frances is engulfed in spectral mist.
Frances splashes around in the water.
The orange demon stings you from afar!
* * * LOW HITPOINT WARNING * * *
The ynoxinul closely misses you.
Frances is engulfed in spectral mist.
Frances barely misses you.
You barely miss Frances.
Frances is severely wounded.
Frances is engulfed in spectral mist.
Frances hits you with a +0 dire flail!!
* * * LOW HITPOINT WARNING * * *
The orange demon closely misses you.
The ynoxinul gestures.
The ynoxinul gestures at you. The iron shot hits you!!
You die...

♣.÷.≈♣ ##### ♣.≈≈.♣
###########♣ ♣..≈.♣
♣.≈.©......♣ ♣♣.≈.♣♣
♣♣≈...?≈≈§.♣
♣≈≈..♣♣♣.........≈♣
♣§.≈§≈♣ ♣≈♣5.≈≈≈.♣
♣♣.≈.♣♣ ♣♣..≈.≈5.♣
♣.≈≈♣ ♣♣.≈.33@≈♣≈♣♣♣
♣.≈.♣♣♣..≈..@54≈...♣
♣...♣♣≈.≈.≈♣♣○...≈..
♣♣...≈...♣♣≈≈♣≈...≈.
♣..≈..≈≈♣♣ n≈♣)≈♣♣.♣
♣♣.....♣♣ ≈≈♣ ♣♣ ♣
♣♣♣.≈≈♣ ≈♣♣ ♣♣..♣♣
♣...♣ ♣♣.♣♣


You could see Frances, an orange demon, 2 ynoxinuls and 3 ufetubi.

Vanquished Creatures
  Jorgrun (Swamp:1)
  Rupert (Lair:4)
  Agnes (D:14)
  Kirke (Lair:5)
  A thorn hunter (Swamp:2)
  An ironheart preserver (D:13)
  2 reapers
  A very ugly thing (Swamp:1)
  A minotaur (Gauntlet)
  A fire dragon (D:15)
  Erolcha (D:12)
  An ice dragon (D:15)
  13 hydras
  3 shambling mangroves
  2 ghost crabs (Swamp:2)
  A catoblepas (Lair:6)
  4 centaur warriors
  9 alligators
  Erica (Lair:2)
  An ogre mage (D:11)
  A deep troll shaman (Lair:6)
  8 two-headed ogres
  The ghost of Tux the Fighter, a novice GnWn (D:9)
  2 tengu warriors (D:14)
  3 death yaks (Lair:6)
  2 orc high priests
  3 unseen horrors
  4 skeletal warriors
  A spriggan druid (Swamp:2)
  3 swamp dragons
  A lindwurm (Lair:2)
  An orc knight (Orc:1)
  2 deep elf magi
  15 ugly things
  5 cyclopes
  5 orc sorcerers (Orc:2)
  2 manticores (D:15)
  2 black mambas
  7 elephants
  2 ice statues (IceCv)
  A torpor snail (Lair:3)
  19 spiny frogs
  2 gargoyles
  2 kobold demonologists
  4 yaktaurs (D:15)
  A freezing wraith (D:11)
  8 komodo dragons
  2 hellwings (Gauntlet)
  7 ice devils (IceCv)
  An efreet (D:15)
  A queen bee (D:9)
  A tengu conjurer (D:13)
  8 trolls
  3 polar bears (Lair:6)
  7 tyrant leeches
  4 blink frogs (Lair:4)
  6 hornets
  19 slime creatures
  Grinder (D:6)
  3 bog bodies
  10 hippogriffs
  Sigmund (D:3)
  8 shadows
  4 wyverns
  A wraith (D:15)
  2 vampires (D:13)
  3 basilisks
  58 yaks
  Eustachio (D:4)
  2 hogs (Lair:5)
  15 vampire mosquitoes
  A fire elemental (D:15)
  3 hungry ghosts (D:10)
  A steam dragon (D:8)
  5 swamp worms
  Edmund (D:4)
  5 wargs
  A naga (Lair:2)
  2 acid dragons
  10 porcupines
  23 water moccasins
  2 eyes of draining
  5 ice beasts
  19 orc warriors
  4 sky beasts
  3 swamp drakes
  3 black bears
  3 boggarts (D:14)
  A phantom (D:11)
  51 wolves
  5 ogres
  19 crocodiles
  31 centaurs
  4 big kobolds
  A gnoll sergeant (D:11)
  13 bullfrogs
  2 wyvern zombies
  A wyvern skeleton (D:13)
  2 scorpions
  16 killer bees
  9 wights
  2 howler monkeys (D:9)
  An electric eel (Lair:3)
  2 lava snakes (D:15)
  6 crimson imps
  A human zombie (Ossuary)
  2 quasits
  9 jellies
  20 orc priests
  A gnoll shaman (D:10)
  4 hounds
  2 bullfrog skeletons
  8 centaur skeletons
  36 orc wizards
  A hell rat (Lair:2)
  2 iguanas
  13 worker ants
  4 big kobold zombies (Ossuary)
  4 mummies
  2 worker ant zombies
  14 adders
  6 river rats (Lair:2)
  8 gnolls
  A shadow imp (Gauntlet)
  7 white imps (IceCv)
  12 ufetubi (IceCv)
  3 oozes
  5 adder zombies
  3 adder skeletons
  4 worms
  2 dart slugs
  4 leopard geckos
  64 orcs
  4 bats
  5 giant cockroaches
  8 goblins
  8 hobgoblins
  2 jackals (D:1)
  2 quokkas
  2 ball pythons (D:1)
  7 frilled lizards
  A gnoll zombie (Ossuary)
  3 goblin zombies (Ossuary)
  2 hobgoblin zombies (Ossuary)
  15 kobolds
  2 kobold zombies (Ossuary)
  A leopard gecko skeleton (D:4)
  An orc zombie (Ossuary)
  4 quokka zombies
  15 rats
  A rat zombie (Ossuary)
  A briar patch (Swamp:2)
  A plant (Swamp:3)
906 creatures vanquished.

Vanquished Creatures (others)
  Nikola (Swamp:2)
  Sonja (Lair:6)
  A swamp worm (Swamp:2)
  An orc warrior (Orc:2)
  A boggart (D:15)
  A bullfrog (Lair:5)
  An orc priest (Orc:2)
  2 orc wizards
  A white imp (IceCv)
  An orc (Orc:2)
  A bush (Lair:6)
  A demonic plant (Gauntlet)
  3 fungi
  3 plants
19 creatures vanquished.

Grand Total: 925 creatures vanquished

Notes
Turn   | Place    | Note
-------+----------+-------------------------------------------
     0 | D:1      | Borgoz the Gargoyle Gladiator began the quest for the Orb.
     0 | D:1      | Reached XP level 1. HP: 12/12 MP: 1/1
   195 | D:1      | Reached XP level 2. HP: 11/18 MP: 2/2
   348 | D:1      | Reached skill level 1 in Armour
   486 | D:1      | Reached XP level 3. HP: 22/22 MP: 3/3
  1221 | D:2      | Reached XP level 4. HP: 23/28 MP: 4/4
  1287 | D:2      | Noticed a +0 dagger
  1288 | D:2      | Found a hide-covered altar of Uskayaw.
  1288 | D:2      | Noticed a +0 hand axe
  1395 | D:2      | Found a shimmering altar of Xom.
  1468 | D:3      | Found a basalt altar of Yredelemnul.
  1478 | D:3      | Found a sparkling altar of Nemelex Xobeh.
  1773 | D:3      | Found a burning altar of Makhleb.
  1968 | D:3      | Noticed Sigmund
  2138 | D:4      | Noticed Edmund
  2204 | D:4      | Killed Edmund
  2204 | D:4      | Reached XP level 5. HP: 8/33 MP: 5/5
  2209 | D:4      | Reached XP level 6. HP: 11/38 MP: 6/6
  2589 | D:4      | Found Dypluofo's Armour Shoppe.
  2611 | D:4      | Found Hixtiuga's Magic Scroll Shoppe.
  2615 | D:4      | Bought a scroll of identify for 22 gold pieces
  2615 | D:4      | Bought a scroll of identify for 22 gold pieces
  2726 | D:4      | Found Vemykot's Food Shoppe.
  3326 | D:4      | Found Giomeit's General Store.
  3350 | D:4      | Noticed Eustachio
  3364 | D:4      | Killed Eustachio
  3364 | D:4      | Reached XP level 7. HP: 18/44 MP: 7/7
  3695 | D:5      | Entered Level 5 of the Dungeon
  3771 | D:5      | Found a stormy altar of Qazlal.
  4208 | D:5      | Reached skill level 5 in Fighting
  4208 | D:5      | Reached skill level 5 in Maces & Flails
  4496 | D:6      | Noticed Grinder
  4505 | D:6      | Killed Grinder
  4505 | D:6      | Reached XP level 8. HP: 50/50 MP: 8/8
  4543 | D:6      | Reached skill level 5 in Armour
  4797 | D:6      | Found an opulent altar of Gozag.
  5149 | D:6      | Found a staircase to the Ecumenical Temple.
  5160 | Temple   | Entered the Ecumenical Temple
  5177 | Temple   | Became a worshipper of Warmaster Okawaru
  5311 | D:7      | Found a sand-covered staircase.
  5331 | D:7      | Reached skill level 5 in Dodging
  5429 | Ossuary  | Entered an ossuary
  5849 | D:7      | Reached XP level 9. HP: 56/56 MP: 9/9
  5992 | D:7      | Found a white marble altar of Elyvilon.
  6662 | D:3      | Killed Sigmund
  7012 | D:8      | Found a staircase to the Lair.
  7020 | D:8      | Reached * piety under Okawaru
  7189 | D:8      | Found an ancient bone altar of Kikubaaqudgha.
  7189 | D:8      | Found a shimmering blue altar of Sif Muna.
  7199 | D:8      | Noticed a two-headed ogre
  7205 | D:8      | Killed a two-headed ogre
  7205 | D:8      | Reached ** piety under Okawaru
  7249 | D:8      | Noticed a two-headed ogre
  7261 | D:8      | Killed a two-headed ogre
  7261 | D:8      | Reached XP level 10. HP: 42/64 MP: 4/10
  7505 | D:8      | Found a shadowy altar of Dithmenos.
  7552 | D:8      | Found a snail-covered altar of Cheibriados.
  7816 | D:8      | Reached *** piety under Okawaru
  7817 | D:8      | Found a bloodstained altar of Trog.
  8179 | D:9      | Found a transporter.
  8257 | D:9      | Found a transporter.
  8389 | D:9      | Found a shimmering altar of Xom.
  8484 | D:9      | Found a glowing golden altar of the Shining One.
  8507 | D:9      | Found a staircase to the Orcish Mines.
  8633 | D:9      | Noticed a two-headed ogre
  8648 | D:9      | Killed a two-headed ogre
  8648 | D:9      | Reached **** piety under Okawaru
  8648 | D:9      | Reached XP level 11. HP: 34/71 MP: 11/11
  8989 | D:10     | Entered Level 10 of the Dungeon
  9236 | D:10     | Reached skill level 1 in Invocations
  9289 | D:10     | Found a shimmering blue altar of Sif Muna.
  9610 | D:10     | Received a gift from Okawaru
  9863 | D:11     | Noticed a two-headed ogre
  9883 | D:11     | Reached ***** piety under Okawaru
  9905 | D:11     | Killed a two-headed ogre
  9905 | D:11     | Received a gift from Okawaru
  9905 | D:11     | Reached skill level 10 in Fighting
  9919 | D:11     | Noticed a two-headed ogre
 10771 | D:11     | Noticed a white ugly thing
 10781 | D:10     | Reached skill level 10 in Armour
 10797 | D:10     | Killed a two-headed ogre
 10797 | D:10     | Reached XP level 12. HP: 48/78 MP: 11/15
 11046 | D:11     | Reached skill level 10 in Maces & Flails
 11134 | D:11     | Noticed an ogre mage
 11145 | D:11     | Killed an ogre mage
 11145 | D:11     | Reached ****** piety under Okawaru
 11145 | D:11     | Reached skill level 5 in Invocations
 11248 | D:11     | Received a gift from Okawaru
 11633 | D:11     | Identified the ring "Ythucyh" {rPois rF+ rC+ Stlth-}
 12153 | D:12     | Received a gift from Okawaru
 12576 | D:12     | Noticed a two-headed ogre
 12585 | D:12     | Killed a two-headed ogre
 12585 | D:12     | Reached XP level 13. HP: 79/84 MP: 15/18
 13095 | D:12     | Noticed Erolcha
 13103 | D:12     | Killed Erolcha
 13391 | D:13     | Received a gift from Okawaru
 13612 | D:13     | Noticed an ironheart preserver
 13613 | D:13     | Found a gate to the Vaults.
 13630 | D:13     | Killed an ironheart preserver
 15440 | D:14     | Received a gift from Okawaru
 15440 | D:14     | Reached skill level 10 in Dodging
 15440 | D:14     | Gained mutation: Your large and strong wings let you fly
                  | indefinitely. [Gargoyle growth]
 15440 | D:14     | Reached XP level 14. HP: 75/92 MP: 14/20
 16070 | D:14     | Got an ebony flail
 16071 | D:14     | Identified the +1 flail of False Accusations {crush, rN+}
                  | (You found it on level 14 of the Dungeon)
 16317 | D:15     | Entered Level 15 of the Dungeon
 16317 | D:15     | Noticed Agnes
 16354 | D:14     | Killed Agnes
 18144 | D:15     | Found a staircase to the Depths.
 18285 | D:15     | HP: 1/92 [two-headed ogre/+0 great mace (19)]
 18649 | D:14     | Received a gift from Okawaru
 18650 | D:14     | Got an ancient quarterstaff {god gift}
 18765 | D:14     | Identified the +8 quarterstaff of Zeteg {drain, MR+}
                  | (Okawaru gifted it to you on level 14 of the Dungeon)
 19885 | D:9      | Noticed Tux's ghost (novice GnWn)
 19953 | D:9      | Killed Tux's ghost
 20207 | Lair:1   | Entered Level 1 of the Lair of Beasts
 20357 | Lair:1   | Found a frozen archway.
 20366 | IceCv    | Entered an ice cave
 20728 | IceCv    | Reached skill level 10 in Invocations
 20758 | IceCv    | Received a gift from Okawaru
 21024 | IceCv    | Noticed a reaper
 21040 | IceCv    | Killed a reaper
 21040 | IceCv    | Reached XP level 15. HP: 54/99 MP: 12/22
 21569 | Lair:1   | Got a pitted ring mail
 22069 | Lair:2   | Found a staircase to the Snake Pit.
 22446 | Lair:2   | Received a gift from Okawaru
 22449 | Lair:2   | Got a steaming falchion {god gift}
 22450 | Lair:2   | Identified the +4 falchion of Fixation {drain, rC- MP+9
                  | SInv} (Okawaru gifted it to you on level 2 of the Lair of
                  | Beasts)
 22453 | Lair:2   | Noticed Erica
 22466 | Lair:2   | Killed Erica
 22482 | Lair:2   | Identified the +2 ring mail "Ushrasu" {MP+9} (You found it
                  | on level 1 of the Lair of Beasts)
 22678 | Lair:2   | Identified 2 scrolls of acquirement
 24363 | Lair:4   | Found a staircase to the Swamp.
 24423 | Lair:4   | Received a gift from Okawaru
 24495 | Lair:4   | Got a slimy ring mail
 24506 | Lair:4   | Identified the +1 ring mail "Carchagre" {MR+ Regen+} (You
                  | found it on level 4 of the Lair of Beasts)
 24525 | Lair:4   | Noticed Rupert
 24555 | Lair:4   | Killed Rupert
 25345 | Lair:5   | Noticed Kirke
 25362 | Lair:5   | Killed Kirke
 25535 | Lair:5   | Found a blossoming altar of Fedhas.
 25571 | Lair:5   | Received a gift from Okawaru
 26157 | Lair:5   | Identified the +8 eveningstar "Mexoaw" {chaos, rPois Int+6}
                  | (You acquired it on level 5 of the Lair of Beasts)
 26204 | Lair:6   | Entered Level 6 of the Lair of Beasts
 26525 | Lair:6   | Reached XP level 16. HP: 103/106 MP: 24/24
 26690 | Lair:6   | Got a brightly glowing chain mail
 26701 | Lair:6   | Identified the cursed +1 chain mail "Peinoc Tuel" {rPois
                  | rF+ Regen+} (You found it on level 6 of the Lair of Beasts)
 27005 | Lair:6   | Found a staircase to the Slime Pits.
 27034 | Lair:6   | Noticed Sonja
 27049 | Lair:6   | Killed Sonja
 27223 | Lair:6   | Received a gift from Okawaru
 27348 | Lair:6   | Identified Yfigho's Easy Wizardry
 27944 | Lair:1   | Identified the +0 chain mail of Elyvilon's Outrage {rElec
                  | rF+ Str+2} (You acquired it on level 1 of the Lair of
                  | Beasts)
 27944 | Lair:1   | Identified the ring "Sutser" {*Slow rPois rCorr Str+4
                  | Dex+5} (You acquired it on level 1 of the Lair of Beasts)
 28049 | Orc:1    | Entered Level 1 of the Orcish Mines
 28241 | Orc:2    | Entered Level 2 of the Orcish Mines
 28288 | Orc:2    | Found a staircase to the Elven Halls.
 28294 | Orc:2    | Found a gate leading to a gauntlet.
 28343 | Gauntlet | Entered a Gauntlet
 28343 | Gauntlet | Found a transporter.
 28343 | Gauntlet | Found a transporter.
 28358 | Gauntlet | Found a transporter.
 28358 | Gauntlet | Found a transporter.
 28381 | Gauntlet | Found a transporter.
 28382 | Gauntlet | Found a transporter.
 28390 | Gauntlet | Found a transporter.
 28416 | Gauntlet | Found a transporter.
 28439 | Gauntlet | Found a transporter.
 28439 | Gauntlet | Found a transporter.
 28461 | Gauntlet | Found a transporter.
 28510 | Gauntlet | Found a transporter.
 28558 | Gauntlet | Found a transporter.
 28574 | Gauntlet | Found a transporter.
 28675 | Gauntlet | Found a transporter.
 28689 | Gauntlet | Found a transporter.
 28821 | Gauntlet | Identified the Volume of Lucky Glamour
 28865 | Gauntlet | Got an ichor-stained hat
 28879 | Gauntlet | Identified the +1 hat of the Lost Path {rElec rPois Regen+}
                  | (You found it in a Gauntlet)
 28963 | Gauntlet | Received a gift from Okawaru
 29216 | Orc:2    | Gained mutation: Scrolls take you a little longer to read.
                  | [a neqoxec]
 29736 | Orc:2    | Found Umuad's Jewellery Shop.
 29745 | Orc:2    | Found Vukiogax's General Store.
 29748 | Orc:2    | Found Wecefi's Assorted Antiques.
 29750 | Orc:2    | Found Plog's Gadget Shop.
 29755 | Orc:2    | Bought a scroll of teleportation for 42 gold pieces
 30500 | Swamp:1  | Entered Level 1 of the Swamp
 30727 | Swamp:1  | Noticed Jorgrun
 30751 | Swamp:1  | Killed Jorgrun
 31200 | Swamp:1  | Received a gift from Okawaru
 31331 | Swamp:2  | Reached skill level 15 in Fighting
 31429 | Swamp:2  | Found a transporter.
 31450 | Swamp:2  | Noticed Nikola
 31464 | Swamp:2  | Killed Nikola
 31499 | Swamp:2  | Noticed a thorn hunter
 31514 | Swamp:2  | Killed a thorn hunter
 31514 | Swamp:2  | Received a gift from Okawaru
 31928 | Swamp:2  | Reached skill level 15 in Armour
 32152 | Swamp:3  | Reached XP level 17. HP: 56/113 MP: 11/25
 32319 | Swamp:3  | Reached skill level 1 in Evocations
 32651 | Swamp:2  | Found a transporter.
 32654 | Swamp:2  | Noticed Frances
 32670 | Swamp:2  | Killed from afar by a ynoxinul

Levels and vault maps discovered:
D:1:      mrwooster_arrival_statue_2, layout_rooms, minivault_11,
          minmay_misc_feat_x, minmay_domino_4
D:2:      wander_river, layout_rooms, dancing_weapons_uskayaw, xom_teletrap_fun
D:3:      layout_basic, grunt_temple_overflow_open, old_standard_altar,
          first_ration, chequers_serial_rivers_micro_d,
          chequers_hall_statues_corner_a, uniq_sigmund
D:4:      layout_layer_cave, serial_shops, nicolae_shop_crystal,
          nicolae_shop_waterfront, shop, shop, uniq_eustachio, uniq_edmund
D:5:      layout_basic, serial_bayou_ford_a, chequers_serial_rivers_micro_c,
          minmay_misc_feat_iff, minmay_holes, grunt_qazlal_clouds
D:6:      layout_basic, grunt_gozag_breadcrumbs,
          minmay_temple_entry_gardened_gates, kennysheep_nondescript,
          uniq_grinder
D:7:      layout_basic, old_standard_altar, nicolae_ossuary_entry_ruins
D:8:      kennysheep_blocky_hall, layout_rooms, nicolae_dithmenos_the_darkroom,
          slow_altar_1, trog_eyes_of_draining,
          chequers_temple_overflow_statue_of_worship
D:9:      minmay_general_purpose_star, layout_basic, kennysheep_little_box,
          minmay_orc_entry_guard_dogs, basic_altar, gammafunk_ghost_hive
D:10:     layout_loops_cross, basic_altar
D:11:     layout_cave_pools, grunt_ogre_cave,
          minmay_the_grid_square_5x5_3x3_mashed
          [minmay_the_grid_square_5x5_slash,
          minmay_the_grid_square_5x5_spiral_small,
          minmay_the_grid_square_5x5_two_walls_b,
          minmay_the_grid_square_5x5_tri_point,
          minmay_the_grid_square_5x5_megaprize_checkered,
          minmay_the_grid_square_5x5_bracketed,
          minmay_the_grid_square_5x5_broken_cross,
          minmay_the_grid_square_5x5_eight, minmay_the_grid_square_5x5_v]
D:12:     layout_irregular_city, uniq_erolcha
D:13:     layout_rooms, skrybe_vaults_entry_preservation
D:14:     layout_gridville
D:15:     grunt_enter_depths_hoard, layout_basic, grunt_decor_arrowhead,
          hangedman_decor_diamond_cutter, uniq_agnes
Temple:   corrupted_temple
Lair:1:   layout_misc_corridors, portal_ice_cave_entry_pillars_1,
          lemuel_fruit_tree
Lair:2:   layout_loops_ring, guppyfry_snake_entry_island,
          cheibrodos_lair_caveside_slide, kennysheep_abandoned_house, uniq_erica
Lair:3:   layout_gridlike
Lair:4:   layout_regular_city, swamp_mist_pool, cheibrodos_lair_reptile_den,
          uniq_rupert
Lair:5:   layout_small_grid, basic_altar, lemuel_fruit_fields,
          grunt_megastairs_3, uniq_kirke
Lair:6:   grunt_lair_end_beastmaster, layout_small_grid,
          nicolae_slime_entry_slimehenge, grunt_forest_large_clearings,
          uniq_sonja
Swamp:1:  layout_basic_swamp, infiniplex_staircase_pool, uniq_jorgrun
Swamp:2:  gammafunk_its_a_trap, layout_falls_marsh, evilmike_swamp_ruin_house_6,
          swamp_pool3, nicolae_swamp_rocky_clearing, uniq_frances, uniq_nikola
Swamp:3:  layout_basic_swamp, serial_swamp_ruin, evilmike_swamp_ruin_house_2,
          evilmike_swamp_ruin_wall, swamp_pool4, nicolae_swamp_hydra_murder_den
Orc:1:    layout_diamond_mine
Orc:2:    st_orc_mages, layout_diamond_mine, gauntlet_entry_generic

Skill      XL: |  1  2  3  4  5  6  7  8  9 10 11 12 13 14 15 16 17 |
---------------+----------------------------------------------------+-----
Armour         | 1 2 3 4 5 7 8 10 11 12 13 14 15 | 15.2
Fighting       | 3 4 5 6 8 9 10 11 12 13 14 15 | 15.3
Dodging        | 3 4 5 6 7 8 9 10 11 12 | 12.4
Maces & Flails | 4 5 6 7 8 9 10 11 12 13 14 | 14.4
Invocations    | 4 6 8 10 11 | 11.1
Evocations     | 1 |  1.8
Throwing       | |  1.7

Action                   |  1- 3 |  4- 6 |  7- 9 | 10-12 | 13-15 | 16-18 || total
-------------------------+-------+-------+-------+-------+-------+-------++-------
Melee: Flail             |   136 |    78 |       |       |    11 |       ||   225
       Dire flail        |       |    56 |   392 |   896 |   852 |       ||  2196
       Quarterstaff      |       |       |       |       |   201 |       ||   201
       Great mace        |       |       |       |       |   699 |   804 ||  1503
       Demon whip        |       |       |       |       |       |    15 ||    15
Throw: Throwing net      |       |     3 |       |       |     7 |     1 ||    11
Invok: Heroism           |       |       |       |     3 |     6 |     6 ||    15
       Finesse           |       |       |       |       |       |     5 ||     5
 Abil: Fly               |       |       |       |       |     1 |       ||     1
  Use: Scroll            |       |     9 |     7 |     9 |    14 |     9 ||    48
       Potion            |       |     2 |     1 |     2 |     7 |     4 ||    16
 Stab: Petrified         |       |       |       |       |       |     4 ||     4
       Confused          |       |       |       |       |       |     1 ||     1
       Held in net/web   |       |       |       |       |       |     1 ||     1
  Eat: Chunk             |     1 |     7 |    10 |    21 |    32 |    18 ||    89
       Ration            |       |       |     1 |     2 |     4 |     1 ||     8
Armor: Ring mail         |    86 |    58 |   235 |    72 |   393 |   300 ||  1144
       Leather armour    |     6 |       |       |       |       |       ||     6
       Scale mail        |       |       |       |   471 |   926 |       ||  1397
       Crystal plate arm |       |       |       |       |    25 |       ||    25
       Chain mail        |       |       |       |       |       |   438 ||   438
Dodge: Dodged            |   136 |    63 |   252 |   776 |  1954 |  1206 ||  4387

Table legend:
 A = Non-vault XP
 B = Vault XP
 C = Vault XP percentage of total XP
 D = Non-vault monster count
 E = Vault monster count
 F = Vault count percentage of total count
                 A         B        C        D         E       F
            +---------+---------+-------+---------+---------+-------
      Total |  129563 |   61640 |  32.2 |     649 |     257 |  28.4
            +---------+---------+-------+---------+---------+-------
        D:1 |      38 |       5 |  11.6 |      22 |       2 |   8.3
        D:2 |      62 |       0 |   0.0 |      17 |       0 |   0.0
        D:3 |      87 |     238 |  73.2 |      15 |       1 |   6.2
        D:4 |     220 |     358 |  61.9 |      18 |       2 |  10.0
        D:5 |     417 |       0 |   0.0 |      22 |       0 |   0.0
        D:6 |     566 |     258 |  31.3 |      11 |       1 |   8.3
        D:7 |     684 |       0 |   0.0 |      14 |       0 |   0.0
        D:8 |    2929 |     566 |  16.2 |      16 |       8 |  33.3
        D:9 |    1325 |    3396 |  71.9 |      23 |      18 |  43.9
       D:10 |    5984 |    1225 |  17.0 |      52 |       3 |   5.5
       D:11 |    2507 |    5815 |  69.9 |      22 |      19 |  46.3
       D:12 |   12290 |    1018 |   7.6 |      54 |       1 |   1.8
       D:13 |    6254 |    3652 |  36.9 |      34 |       9 |  20.9
       D:14 |   15488 |    2177 |  12.3 |      48 |       1 |   2.0
       D:15 |    9840 |    2079 |  17.4 |      31 |       2 |   6.1
     Lair:1 |    5439 |       0 |   0.0 |      25 |       0 |   0.0
     Lair:2 |    6120 |    1832 |  23.0 |      26 |      16 |  38.1
     Lair:3 |    5083 |       0 |   0.0 |      19 |       0 |   0.0
     Lair:4 |    5229 |    3592 |  40.7 |      17 |       8 |  32.0
     Lair:5 |    4463 |    2503 |  35.9 |      17 |       3 |  15.0
     Lair:6 |   10699 |   11309 |  51.4 |      48 |      52 |  52.0
    Swamp:1 |    7072 |    3077 |  30.3 |      15 |       1 |   6.2
    Swamp:2 |   13550 |    2832 |  17.3 |      23 |       3 |  11.5
    Swamp:3 |    7869 |    1004 |  11.3 |      20 |       1 |   4.8
      Orc:1 |    3207 |       0 |   0.0 |      25 |       0 |   0.0
      Orc:2 |    1629 |    4842 |  74.8 |      13 |      42 |  76.4
    Ossuary |       0 |     218 | 100.0 |       0 |      21 | 100.0
      IceCv |       0 |    4846 | 100.0 |       0 |      29 | 100.0
   Gauntlet |     512 |    4798 |  90.4 |       2 |      14 |  87.5
            +---------+---------+-------+---------+---------+-------
